[Event "45th FIDE Olympiad 2024"]
[Site "Budapest"]
[Date "2024.09.18"]
[Round "7.86"]
[White "Krysa, Leandro"]
[Black "Sipila, Vilka"]
[Result "1-0"]
[ECO "A07"]
[WhiteElo "2495"]
[BlackElo "2462"]
[Annotator "TA"]
[PlyCount "101"]
[EventDate "2024.09.05"]
[EventType "team-tourn"]
[EventCountry "HUN"]
[SourceTitle "playchess.com"]
[Source "ChessBase"]
[SourceQuality "1"]
[WhiteTeam "Argentina"]
[BlackTeam "Finland"]
[WhiteTeamCountry "ARG"]
[BlackTeamCountry "FIN"]
[TimeControl "40/5400+30:1800+30"]

1. Nf3 d5 2. g3 g6 3. Bg2 Bg7 4. O-O e5 5. d3 Nc6 6. e4 dxe4 {A07: Réti Opening: New York and Capablanca Systems.} 7. dxe4 Qxd1 8. Rxd1 Bg4 9. c3 h6 10. Na3 Nge7 11. b4 $146 ({Predecessor:} 11. Nc4 Be6 12. Ne3 Rd8 13. Re1 a5 14. Bf1 O-O 15. a4 f5 16. exf5 gxf5 17. Bc4 Bxc4 18. Nxc4 {1-0 Telljohann,S (2415)-Levin,F (2485) BL2-West 9697 1996 [2]}) 11... O-O 12. Nc4 Be6 13. Bf1 a6 14. a4 Bg4 15. Rd3 Be6 16. Nfd2 h5 17. Ne3 Bh6 (17... f5 $11 {should be considered.}) 18. Nd5 $14 Rfd8 {[#]} 19. Bg2 ({Don't play} 19. Nxc7 Rxd3 20. Bxd3 Bxd2 21. Nxa8 (21. Bxd2 Rd8 $15) 21... Bxc3 $11) (19. c4 $1 $16) 19... Bxd5 (19... Bg7 $11 {keeps the balance.}) 20. exd5 $16 f5 {[#]} (20... Nf5 $16 {was worth a try.}) 21. Nb3 $1 $18 Bxc1 22. Rxc1 e4 (22... Na7 $16 23. Nc5 e4) 23. dxc6 $18 Rxd3 24. cxb7 Rb8 25. Bf1 Rd6 26. Nc5 a5 $2 (26... Kf7 27. a5 (27. Bxa6 Rxa6 28. Nxa6 Rxb7 $18) 27... g5 28. Bxa6 Rxa6 29. Nxa6 Rxb7) 27. bxa5 $18 Nc6 28. a6 Na7 29. Bb5 c6 30. Bc4+ Kf8 31. f3 exf3 32. Kf2 Ke7 33. Re1+ Kd8 34. a5 Rd2+ 35. Kxf3 Kc7 36. Re6 Rc2 37. Ke3 g5 38. Rg6 Re8+ 39. Kd3 Rxh2 40. Rg7+ Kd6 41. Nd7 h4 42. gxh4 ({Less strong is} 42. b8=R Rxb8 43. Nxb8 hxg3 $18) 42... Rh3+ 43. Kc2 Rxh4 44. b8=Q+ Rxb8 45. Nxb8 Rxc4 46. Rd7+ (46. Rxa7 $142 Ra4 47. Rd7+ Kc5 48. Rf7) 46... Kc5 47. Rxa7 Ra4 48. Rf7 Kd6 49. Rxf5 c5 50. a7 Rxa5 51. Na6 1-0

[Event "45th FIDE Olympiad 2024"]
[Site "Budapest"]
[Date "2024.09.18"]
[Round "7.86"]
[White "Roberts, Gennard"]
[Black "Tan, Santiago Jr"]
[Result "1-0"]
[WhiteElo "1582"]
[BlackElo "1903"]
[Annotator "RC"]
[PlyCount "129"]
[EventDate "2024.09.05"]
[EventType "team-tourn"]
[EventCountry "HUN"]
[WhiteTeam "Grenada"]
[BlackTeam "Palau"]
[WhiteTeamCountry "GRA"]
[BlackTeamCountry "PAL"]
[TimeControl "40/5400+30:1800+30"]

1. e4 c6 2. d4 d5 3. exd5 cxd5 4. c4 Nf6 5. Nc3 Nc6 6. Nf3 a6 7. h3 h6 8. a3 dxc4 9. Bxc4 e6 10. O-O Be7 11. Re1 O-O 12. d5 exd5 13. Nxd5 Nxd5 14. Bxd5 Bf6 15. Ra2 Bf5 16. b4 Qc7 17. Be4 Be6 18. Rae2 Bc4 19. Re3 b5 20. Qc2 Rad8 21. Bb2 Nd4 22. Nxd4 Bxd4 23. Bxd4 Rxd4 24. Bf3 Qb6 25. Qc3 Be6 26. Qc6 Rd6 27. Qe4 Rfd8 28. Qh4 a5 29. Rb1 Rd4 30. Qe7 a4 31. Rc1 Bc4 32. Rce1 Rd2 33. Qh4 Be6 34. Rc1 Qd6 35. Qh5 Bc4 36. Rce1 Qf6 37. Qc5 Qd6 38. Re8+ Kh7 39. Rxd8 Qxd8 40. Qf5+ g6 41. Qf4 Qd4 42. Qxd4 Rxd4 43. Rd1 Rxd1+ 44. Bxd1 Kg7 45. f4 g5 46. Kf2 Kf6 47. Ke3 Ke6 48. fxg5 hxg5 49. Kd4 Kd6 50. Bg4 Ba2 51. Bf5 Bd5 52. g3 Bg2 53. h4 gxh4 54. gxh4 Bf3 55. Bd3 Bc6 56. h5 Ke7 57. Ke5 Bd7 58. h6 f6+ 59. Kd5 Kf7 60. Kd6 Be8 61. Bf5 Kf8 62. Ke6 Kg8 63. Kxf6 Kh8 64. Ke5 Bf7 65. Kd4 1-0

[Event "45th FIDE Olympiad 2024"]
[Site "Budapest"]
[Date "2024.09.18"]
[Round "7.87"]
[White "Lahdelma, Henri"]
[Black "Flores, Diego"]
[Result "0-1"]
[ECO "E53"]
[WhiteElo "2331"]
[BlackElo "2546"]
[Annotator "TA"]
[PlyCount "80"]
[EventDate "2024.09.05"]
[EventType "team-tourn"]
[EventCountry "HUN"]
[SourceTitle "playchess.com"]
[Source "ChessBase"]
[SourceQuality "1"]
[WhiteTeam "Finland"]
[BlackTeam "Argentina"]
[WhiteTeamCountry "FIN"]
[BlackTeamCountry "ARG"]
[TimeControl "40/5400+30:1800+30"]

1. d4 Nf6 2. c4 e6 3. Nc3 Bb4 4. e3 O-O 5. Bd3 d5 6. Nf3 c5 7. cxd5 exd5 8. dxc5 Bg4 9. O-O Bxc3 {The position is equal.} 10. bxc3 Nbd7 11. h3 Bxf3 12. Qxf3 Nxc5 13. Rd1 Nxd3 14. Rxd3 Rc8 15. a4 Rc4 16. Qd1 Qc7 17. a5 Re8 18. Bb2 h6 19. Rd4 Re4 20. Rxe4 Rxe4 21. Qb3 {[#] White is weak on the light squares} (21. Ra4 $11) 21... Qc6 $1 $17 {Black is more active.} 22. Kf1 {White is now going downhill.} Rc4 23. f3 {Prevents Ne4.} Nd7 24. Qc2 (24. Kf2 $17 {was called for.}) 24... Rc5 25. Kf2 Ne5 26. Kg1 Nc4 27. Bc1 (27. a6 $142) 27... Rxa5 $19 28. Rxa5 Nxa5 {[%mdl 4096] Endgame. KQB-KQN} 29. Ba3 (29. Qb2 $142) 29... Nc4 {[%csl LRa3,LRe3] Black is clearly winning.} 30. Bc1 a5 31. Kf2 a4 32. Ke2 Qb5 33. Kd1 a3 {[%cal Oc4e3] [#] aiming for ...Nxe3+!} 34. Qa2 Qa4+ 35. Ke2 b5 {[%cal Od5d4] White must now prevent ...d4!} 36. g4 g5 {[%cal Od5d4] Hoping for ...d4!} 37. Ke1 Qa5 38. Bd2 Qc7 39. f4 Qe7 (39... gxf4 $142 40. exf4 Qc5) 40. Kf2 Qe4 {Weighted Error Value: White=1.06/Black=0.48.  Mistake:       	White=4     	---        Inaccurate:     	White=4     	---        OK:         	White=3     	Black=12     Strong:       	---       	Black=1} 0-1

[Event "45th FIDE Olympiad 2024"]
[Site "Budapest"]
[Date "2024.09.18"]
[Round "7.88"]
[White "Sosa, Tomas"]
[Black "Wartiovaara, Oliver"]
[Result "0-1"]
[ECO "B50"]
[WhiteElo "2515"]
[BlackElo "2300"]
[Annotator "TA"]
[PlyCount "93"]
[EventDate "2024.09.05"]
[EventType "team-tourn"]
[EventCountry "HUN"]
[SourceTitle "playchess.com"]
[Source "ChessBase"]
[SourceQuality "1"]
[WhiteTeam "Argentina"]
[BlackTeam "Finland"]
[WhiteTeamCountry "ARG"]
[BlackTeamCountry "FIN"]
[TimeControl "40/5400+30:1800+30"]

1. e4 c5 2. Nc3 d6 3. Nf3 a6 4. g3 e5 5. Bg2 Nc6 6. O-O {B50: Sicilian: 2...d6, Miscellaneous.} g6 7. Nd5 Bg7 8. c3 Nge7 9. d4 exd4 10. Bg5 $146 ({Predecessor:} 10. cxd4 Nxd5 11. exd5 Nxd4 12. Re1+ Kf8 13. Nxd4 cxd4 14. b3 Bf5 15. g4 Bd7 16. Ba3 {1-0 Semenova,E (2284)-Potapova,M (2270) RUS-ch Higher League (Women) 70th 2020 (9)}) 10... h6 11. Bf6 O-O 12. Nxe7+ Nxe7 13. Bxg7 Kxg7 14. cxd4 Bg4 15. dxc5 dxc5 16. Qc2 b6 17. Qc3+ Kh7 ({Better is} 17... f6 $1 $14) 18. Ne5 $1 $16 Be6 19. f4 f6 20. Rad1 Qc7 {[#]} 21. Nxg6 $1 Nxg6 (21... Kxg6 $2 22. f5+ Kg7 23. fxe6 $18) 22. f5 Rae8 23. Bh3 (23. fxg6+ Kxg6 24. b3 Kg7 $11) (23. fxe6 {simplifies} Rxe6 24. Rd5 Ne5 25. Qd2) 23... Bc8 $1 24. fxg6+ Kxg6 25. Bxc8 Qxc8 26. Rf4 Qe6 (26... Rd8 $142 27. Rd5 Rxd5 28. exd5 f5) 27. Rd5 $16 Kg7 (27... Rd8 $16) 28. Qd2 $18 Re7 29. Rd6 Qe5 30. Rg4+ (30. Rxb6 Qd4+ 31. Qxd4 cxd4 $18) 30... Kf7 31. Rh4 (31. Rxb6 $6 Qd4+ 32. Qxd4 cxd4 $16) 31... Qg5 32. Rf4 (32. Rxh6 Qxd2 33. Rxd2 Rxe4 $11) 32... Re6 (32... Kg7 $142 33. Kg2 (33. Rxb6 Rxe4 34. Rb7+ Rf7 $14) 33... c4) 33. Rd5 (33. Rd7+ $142 Ke8 34. Rb7) 33... Re5 $18 34. Rd7+ Re7 (34... Kg8 $142 35. Qe2 f5) 35. Qd6 Rfe8 36. e5 f5 37. Qd3 Kg6 $2 (37... Kg7 38. Rxf5 Qg6) 38. Rd6+ Kg7 39. Rxf5 (39. Qxf5 Qxf5 40. Rxf5 Rxe5 41. Rxe5 Rxe5 $14) 39... Qc1+ 40. Rf1 (40. Kg2 $142 Kh8 41. Rh5 (41. Qxa6 Rxe5 42. Rf2 Qe3 $18) (41. Rxb6 Rg8 $18)) 40... Qg5 $18 41. Rf5 (41. Qxa6 Qe3+ 42. Rf2 Qe1+ 43. Kg2 Qe4+ 44. Rf3 Qc2+ 45. Kg1 Qc1+ 46. Qf1 Qg5 $16) (41. Rff6 $142 Qc1+ 42. Kg2 (42. Rf1 Qg5 $18) 42... Qxb2+ 43. Kf3 Qxe5 44. Qg6+ (44. Rxh6 Re6 $14) 44... Kh8 45. Qxh6+ Kg8 46. Rg6+ (46. Rxb6 $2 Qe2+ 47. Kf4 Re4+ 48. Kg5 Qg4#) 46... Rg7 47. Rxg7+ (47. Rxb6 Qe2+ 48. Kf4 Qe4+ 49. Kg5 Re5+ 50. Kf6 Rf5#) 47... Qxg7 48. Rg6 (48. Rxb6 Qf7+ 49. Rf6 Qd5+ 50. Kg4 Re4+ 51. Rf4 Rxf4+ 52. Qxf4 c4 $11) 48... Qxg6 49. Qxg6+ Kf8 50. Qxb6) 41... Qc1+ $18 42. Kg2 Qxb2+ 43. Kh3 (43. Rf2 Qxe5 44. Qg6+ (44. Rxb6 Re6 $11) 44... Kh8 45. Qxh6+ (45. Rxb6 Qd5+ 46. Kh3 Qd7+ 47. Qf5 Qxf5+ 48. Rxf5 c4 $16) 45... Kg8 46. Rg6+ (46. Rxb6 Qd5+ 47. Rf3 Qxa2+ 48. Rf2 Qd5+ 49. Rf3 Qa2+ 50. Rf2 Qd5+ 51. Rf3 Qa2+ $11) 46... Rg7 47. Rxg7+ (47. Rxb6 $2 Qd5+ 48. Kh3 Rh7 $19) 47... Qxg7 48. Qxb6 Rf8 $16) 43... Qxa2 {[#]} 44. Rg6+ (44. Qf3 $142 $3 Qf7 45. Rxf7+ Rxf7 46. Qh5 Kf8 47. Qxh6+ (47. Rxh6 Rc8 48. Qg6 Rd8 49. e6 Rf3 50. e7+ Kxe7 51. Rh7+ Kf8 52. Qg7+ Ke8 53. Qe7#) 47... Ke7 48. Rxb6 Rh8 49. Rb7+ (49. Qxh8 Rf5 50. e6 Rh5+ 51. Qxh5 Kf6 52. Qf7+ Ke5 53. Qf4+ Kd5 54. Rd6#) 49... Ke8 50. Qxh8+ Rf8 51. Qh5+ Kd8 52. Qd1+ Ke8 53. Qd7#) 44... Kh8 45. Rxh6+ Kg8 46. Rg5+ (46. Rxb6 Rh7+ 47. Kg4 Qa4+ 48. Rf4 Qd7+ 49. Qxd7 Rxd7 $18) 46... Rg7 47. Qh7+ 0-1

[Event "45th FIDE Olympiad 2024"]
[Site "Budapest"]
[Date "2024.09.18"]
[Round "7.89"]
[White "Schitco, Ivan"]
[Black "Maksimovic, Bojan"]
[Result "1/2-1/2"]
[ECO "A21"]
[WhiteElo "2527"]
[BlackElo "2503"]
[Annotator "TA"]
[PlyCount "121"]
[EventDate "2024.09.05"]
[EventType "team-tourn"]
[EventCountry "HUN"]
[SourceTitle "playchess.com"]
[Source "ChessBase"]
[SourceQuality "1"]
[WhiteTeam "Moldova"]
[BlackTeam "Bosnia & Herzegovina"]
[WhiteTeamCountry "MDA"]
[BlackTeamCountry "BIH"]
[TimeControl "40/5400+30:1800+30"]

1. c4 e5 2. Nc3 Bb4 3. Nd5 Be7 4. d4 d6 5. e4 Nf6 6. Nxe7 {A21: English Opening: 1...e5 2 Nc3.} Qxe7 7. f3 O-O 8. Ne2 exd4 9. Qxd4 Nc6 10. Qc3 Ne5 11. Nf4 $146 ({Predecessor:} 11. Bg5 Re8 12. Qc2 h6 13. Bh4 c6 14. O-O-O d5 15. cxd5 cxd5 16. exd5 Bd7 17. Nc3 {1-0 Kjartansson,G (2503)-Gretarsson,H (2588) ISL-ch Kopavogur 2021 (4)}) 11... Ng6 12. Nxg6 fxg6 13. Be3 b6 14. Be2 Be6 15. O-O Nh5 16. Rf2 Nf4 17. Bf1 g5 18. Re1 Ng6 19. b3 Rae8 20. Qd2 h6 21. Bd4 Qf7 22. g3 Bc8 23. Bc3 Ne5 24. Bg2 Bb7 25. Ref1 Qe7 26. h3 Ng6 27. Kh2 h5 28. f4 h4 29. fxg5 hxg3+ (29... Bxe4 30. Rxf8+ Rxf8 $14) 30. Kxg3 Rxf2 (30... Bxe4 31. Rxf8+ Rxf8 32. Rxf8+ Kxf8 33. Bxe4 Qxe4 34. Qd4 $14) 31. Rxf2 Bxe4 32. Re2 ({White should play} 32. Bxe4 $11 Qxe4 33. Qd5+ Qxd5 34. cxd5) 32... d5 $1 $15 33. Bxe4 (33. Qxd5+ $17 {keeps fighting.} Bxd5 34. Bxd5+ Kh7 35. Rxe7 Rxe7 36. Kf3) 33... dxe4 $19 34. Qd5+ {[#]} Kh7 $1 35. h4 Rd8 $2 (35... c6 $1 $19 36. Qxc6 e3) 36. Qxe4 $11 Qxe4 37. Rxe4 Rd3+ 38. Kg4 Rxc3 39. h5 Nf8 40. Re7 Kg8 41. Rxc7 b5 42. g6 Rc2 43. a4 bxa4 44. bxa4 a6 45. Rc5 Nd7 46. Rc8+ Nf8 47. a5 Ra2 48. Rc5 Nd7 49. Rc8+ Nf8 50. c5 Rxa5 51. Kf5 Ra1 52. Ke5 Rh1 53. c6 Rxh5+ 54. Kd6 Rh1 (54... Rg5 55. Rxf8+ Kxf8 56. c7 Rxg6+ 57. Kd7 $18) 55. Ra8 Rd1+ 56. Ke7 (56. Kc5 $5 Rc1+ $8 57. Kd5 $11) 56... Re1+ 57. Kd6 Rd1+ $1 (57... Re6+ 58. Kd5 Rxg6 (58... Re7 $2 59. Kc5 $18) 59. c7 $18 (59. Rxa6 Ne6 $17)) 58. Kc5 Rc1+ 59. Kb6 (59. Kd6 $5 Rd1+ $8 $11) 59... Rb1+ 60. Kc5 (60. Kxa6 Ra1+ 61. Kb7 Rxa8 62. Kxa8 Nxg6 63. Kb7 Ne7 64. Kc7 g5 (64... Nxc6 65. Kxc6 Kh7 66. Kd5 Kh6 67. Ke4 Kg5 68. Kf3 Kh4 69. Kg2 Kg4 70. Kh2 Kf3 71. Kh1 Kg3 72. Kg1 g5 73. Kh1 Kh3 74. Kg1 g4 75. Kf2 g3+ 76. Kf1 Kh2 77. Ke2 g2 78. Kd3 g1=Q 79. Kc4 Qg5 80. Kc3 Qc5+ 81. Kb3 Kg3 82. Kb2 Qb4+ 83. Kc2 Kf3 84. Kd3 Kf2 85. Kc2 Ke3 86. Kc1 Kd3 87. Kd1 Qd2#) 65. Kd6 Nxc6 66. Kd5 Kf7 67. Ke4 Ke6 68. Ke3 Kf5 69. Kf3 g4+ 70. Ke3 Ne7 71. Kd4 Kf4 72. Kd3 g3 (72... Kf3 73. Kd4 g3 74. Ke5 g2 75. Ke6 g1=Q 76. Kxe7 Qc5+ 77. Kf6 Qd6+ 78. Kf7 Kf4 79. Kg8 Kf5 80. Kh7 Qe7+ 81. Kh6 Qd7 82. Kh5 Qh7#) 73. Ke2 Nf5 74. Kf1 Ne3+ 75. Kg1 g2 76. Kf2 Ke4 77. Ke2 g1=Q (77... g1=R 78. Kd2 Nd5 79. Ke2 Rg2+ 80. Kf1 Kf3 81. Ke1 Rc2 82. Kd1 Ne3+ 83. Ke1 Re2#) 78. Kd2 Kd4 79. Ke2 Qf1+ 80. Kd2 Qd1#) 60... Rc1+ $1 (60... Rb5+ 61. Kd6 $18 (61. Kd4 Rb4+ 62. Kd5 Rb5+ 63. Kd6 Rg5 $18)) 61. Kb6 (61. Kd6 $5 Rd1+ $8 $11) 1/2-1/2

[Event "45th FIDE Olympiad 2024"]
[Site "Budapest"]
[Date "2024.09.18"]
[Round "7.89"]
[White "Hemam, Moulaye Brahim"]
[Black "Kudakwashe, Chinake"]
[Result "1-0"]
[WhiteElo "1977"]
[BlackElo "1859"]
[PlyCount "75"]
[EventDate "2024.09.05"]
[EventType "team-tourn"]
[EventCountry "HUN"]
[WhiteTeam "Mauritania"]
[BlackTeam "Cayman Islands"]
[WhiteTeamCountry "MAU"]
[BlackTeamCountry "CAY"]
[TimeControl "40/5400+30:1800+30"]

1. e4 c6 2. c4 d5 3. cxd5 cxd5 4. exd5 Qxd5 5. Nc3 Qe5+ 6. Be2 Nf6 7. Nf3 Qd6 8. d4 a6 9. O-O e6 10. Qc2 Nc6 11. Rd1 Be7 12. Bg5 Nb4 13. Qb3 O-O 14. Ne5 b5 15. Bxf6 gxf6 16. Ne4 Qd8 17. Nxf6+ Bxf6 18. Qxb4 Bb7 19. Rd3 Be7 20. Rg3+ Kh8 21. Qd2 Bf6 22. Qh6 Be4 23. Rd1 Qe7 24. Nd7 Bg6 25. Nxf8 Rxf8 26. Bd3 Bxd4 27. Bxg6 Bxf2+ 28. Kxf2 fxg6+ 29. Rf3 Rc8 30. Qd2 e5 31. Qd6 Rc2+ 32. Kg1 Qxd6 33. Rxd6 Kg7 34. g4 Rxb2 35. g5 Rxa2 36. Rd7+ Kg8 37. Rdf7 Ra1+ 38. Kf2 1-0

[Event "45th FIDE Olympiad 2024"]
[Site "Budapest"]
[Date "2024.09.18"]
[Round "7.90"]
[White "Stojanovic, Dalibor"]
[Black "Macovei, Andrei"]
[Result "0-1"]
[ECO "C73"]
[WhiteElo "2448"]
[BlackElo "2464"]
[Annotator "ChessBase"]
[PlyCount "82"]
[EventDate "2024.09.05"]
[EventType "team-tourn"]
[EventCountry "HUN"]
[SourceTitle "playchess.com"]
[Source "ChessBase"]
[SourceQuality "1"]
[WhiteTeam "Bosnia & Herzegovina"]
[BlackTeam "Moldova"]
[WhiteTeamCountry "BIH"]
[BlackTeamCountry "MDA"]
[TimeControl "40/5400+30:1800+30"]

1. e4 e5 2. Nf3 Nc6 3. Bb5 a6 4. Ba4 Nf6 5. O-O d6 6. Bxc6+ bxc6 7. d4 exd4 8. Qxd4 Be7 9. e5 c5 10. Qf4 Nh5 11. Qe3 O-O 12. Nc3 d5 13. Rd1 d4 14. Qe2 Bb7 15. Nxd4 cxd4 16. Qxh5 c5 17. Qg4 f5 18. Qg3 Bh4 19. Qd3 Qc7 20. Ne2 Qxe5 21. Nf4 Rae8 22. Bd2 Qc7 23. Qc4+ Kh8 24. Re1 Re4 25. Rxe4 fxe4 26. g3 Be7 27. Re1 Bd6 28. Qe6 Qc6 29. Qh3 Kg8 30. c4 Bxf4 31. Bxf4 g5 32. Qg4 h6 33. Bxg5 hxg5 34. Qxg5+ Kf7 35. b4 cxb4 36. Qf5+ Qf6 37. Qh7+ Qg7 38. Qf5+ Kg8 39. Qe6+ Kh8 40. Qh3+ Qh7 41. Qe6 Qf5 0-1

[Event "45th FIDE Olympiad 2024"]
[Site "Budapest"]
[Date "2024.09.18"]
[Round "7.90"]
[White "Young, Christopher"]
[Black "Abdellahi, Khaled Abdellahi"]
[Result "1/2-1/2"]
[WhiteElo "1758"]
[BlackElo "1894"]
[Annotator "COMBH"]
[PlyCount "97"]
[EventDate "2024.09.05"]
[EventType "team-tourn"]
[EventCountry "HUN"]
[WhiteTeam "Cayman Islands"]
[BlackTeam "Mauritania"]
[WhiteTeamCountry "CAY"]
[BlackTeamCountry "MAU"]
[TimeControl "40/5400+30:1800+30"]

1. d4 d5 2. c4 c6 3. Nf3 Nf6 4. Nc3 e6 5. e3 Nbd7 6. Qc2 Be7 7. Bd3 dxc4 8. Bxc4 b5 9. Bd3 Bb7 10. O-O a6 11. e4 c5 12. e5 Nd5 13. Nxd5 Bxd5 14. Be4 Bxe4 15. Qxe4 O-O 16. Be3 c4 17. d5 exd5 18. Qxd5 Nc5 19. Rfd1 Qxd5 20. Rxd5 Nd3 21. b3 Rfd8 22. bxc4 bxc4 23. Rxd8+ Rxd8 24. Kf1 c3 25. a4 Bc5 26. Bxc5 Nxc5 27. Ne1 Rd4 28. Ke2 h6 29. Nf3 Rc4 30. Ne1 Nb3 31. Rb1 c2 32. Nxc2 Rxc2+ 33. Kd3 Rxf2 34. Rxb3 Rxg2 35. Rb8+ Kh7 36. Ra8 Rxh2 37. Rxa6 Ra2 38. Ke4 h5 39. Ra7 h4 40. Rxf7 h3 41. Rf1 Rxa4+ 42. Kd5 g5 43. e6 Ra2 44. Re1 Ra5+ 45. Ke4 Kg6 46. Kf3 Ra3+ 47. Kf2 Ra8 48. Kg3 Re8 49. Kxh3 1/2-1/2

[Event "45th FIDE Olympiad 2024"]
[Site "Budapest"]
[Date "2024.09.18"]
[Round "7.91"]
[White "Bologan, Victor"]
[Black "Culum, Sanjin"]
[Result "1-0"]
[ECO "B90"]
[WhiteElo "2598"]
[BlackElo "2409"]
[Annotator "TA"]
[PlyCount "69"]
[EventDate "2024.09.05"]
[EventType "team-tourn"]
[EventCountry "HUN"]
[SourceTitle "playchess.com"]
[Source "ChessBase"]
[SourceQuality "1"]
[WhiteTeam "Moldova"]
[BlackTeam "Bosnia & Herzegovina"]
[WhiteTeamCountry "MDA"]
[BlackTeamCountry "BIH"]
[TimeControl "40/5400+30:1800+30"]

1. e4 c5 2. Nf3 d6 3. d4 cxd4 4. Nxd4 Nf6 5. Nc3 a6 6. h3 e5 7. Nde2 h5 8. Bg5 Be6 9. Bxf6 Qxf6 {The position is equal.} 10. Nd5 Qd8 11. Qd3 Nd7 12. Nec3 g6 13. O-O-O Rc8 14. Kb1 Nc5 15. Qe2 Bg7 16. h4 O-O 17. f3 f5 18. Qe3 Kh7 19. Be2 Bh6 20. Qg1 Bxd5 21. Nxd5 {Black must now prevent exf5.} (21. Rxd5 {simplifies} f4 22. Qd1 Rc6 23. Rd2) 21... fxe4 22. fxe4 Nxe4 {...Ng3 would now be deadly.} 23. g4 $1 hxg4 $2 {[#]} (23... Nf2 $1 $11) 24. h5 $1 $18 (24. Qxg4 Nf2 25. Qg2 Nxd1 $11) 24... Nf2 {[#] Threatens to win with ...Qg5.} 25. Bxg4 $2 (25. hxg6+ $1 $18 Kg7 26. Rxh6 (26. Bxg4 Nxh1 27. Qxh1 Rc4 $11) 26... Kxh6 27. g7 (27. Qh2+ Kxg6 28. Rf1 Qg5 $11) 27... Kxg7 (27... Nxd1 28. gxf8=R Qxf8 29. Qxd1 $18) 28. Bxg4) 25... Qg5 $2 26. Bxc8 Nxd1 27. Qxd1 {aiming for hxg6+.} (27. Bxb7 $2 Qc1#) 27... Rxc8 28. Rg1 (28. hxg6+ $142 Kg7 29. Nc3) 28... Qd2 29. Qxd2 (29. hxg6+ Kg7 $17) 29... Bxd2 30. Rxg6 $16 {KRB-KRN} (30. hxg6+ Kg7 31. Rg4 Bh6 $17) 30... e4 $2 (30... Be1 $16 31. Rxd6 Bh4) 31. c3 {Hoping for Nf6+.} (31. Rxd6 Bg5 $16) 31... Rf8 32. Nf6+ (32. Rxd6 Bg5 $14) 32... Kh8 33. Nxe4 Rf1+ 34. Kc2 Bf4 (34... Be3 $18 35. Kd3 (35. Rxd6 Rh1 $18) (35. Nxd6 Rf2+ 36. Kd3 Bc1 $18) 35... Ba7 36. Nxd6 Rf2) 35. Nf6 {Weighted Error Value: White=0.22 (precise) /Black=0.68.  Loses game:     	---       	Black=3      Missed win:     	White=1     	---        Mistake:       	White=1     	Black=1      Inaccurate:     	White=3     	Black=2      OK:         	White=12    	Black=6      Best:        	---       	Black=4      Strong:       	White=2     	---} 1-0

[Event "45th FIDE Olympiad 2024"]
[Site "Budapest"]
[Date "2024.09.18"]
[Round "7.91"]
[White "Cheikhna, Mohamed Lemine"]
[Black "Shaw, Clifford"]
[Result "0-1"]
[WhiteElo "1884"]
[BlackElo "1744"]
[Annotator "COMBH"]
[PlyCount "56"]
[EventDate "2024.09.05"]
[EventType "team-tourn"]
[EventCountry "HUN"]
[WhiteTeam "Mauritania"]
[BlackTeam "Cayman Islands"]
[WhiteTeamCountry "MAU"]
[BlackTeamCountry "CAY"]
[TimeControl "40/5400+30:1800+30"]

1. e4 e6 2. d4 d5 3. exd5 exd5 4. Bd3 Nc6 5. c3 Bd6 6. Qf3 Be6 7. Ne2 Qd7 8. Bf4 Nf6 9. h3 O-O-O 10. O-O Rde8 11. Bxd6 Qxd6 12. Nd2 Kb8 13. a4 Nd7 14. Qg3 Qe7 15. a5 g5 16. b4 h5 17. b5 Nd8 18. Rfb1 b6 19. axb6 Nxb6 20. Ra2 h4 21. Qe3 g4 22. hxg4 Qd7 23. Nb3 Bxg4 24. Qc1 Qd6 25. Nc5 a5 26. Nf4 h3 27. Bf1 hxg2 28. Nxg2 Qh2# {0-} 0-1

[Event "45th FIDE Olympiad 2024"]
[Site "Budapest"]
[Date "2024.09.18"]
[Round "7.92"]
[White "Marjanovic, Dejan"]
[Black "Iordachescu, Viorel"]
[Result "1-0"]
[ECO "A45"]
[WhiteElo "2365"]
[BlackElo "2572"]
[Annotator "TA"]
[PlyCount "87"]
[EventDate "2024.09.05"]
[EventType "team-tourn"]
[EventCountry "HUN"]
[SourceTitle "playchess.com"]
[Source "ChessBase"]
[SourceQuality "1"]
[WhiteTeam "Bosnia & Herzegovina"]
[BlackTeam "Moldova"]
[WhiteTeamCountry "BIH"]
[BlackTeamCountry "MDA"]
[TimeControl "40/5400+30:1800+30"]

1. d4 Nf6 2. Bg5 e6 3. e4 c5 4. d5 h6 5. Bxf6 Qxf6 6. Nc3 a6 7. Nf3 d6 8. a4 {White is slightly better.} Nd7 9. Be2 g5 10. O-O h5 11. dxe6 fxe6 {[#]} 12. e5 $1 Nxe5 13. Nxe5 Qxe5 14. Bxh5+ Kd8 {[%cal Og5g4] ...g4! would now be deadly.} 15. Re1 Qf6 16. Bg4 Bd7 17. h3 Kc7 18. Ne4 Qg7 19. Qd2 Be7 20. Qe3 {White is more active.} ({White should play} 20. c4 $16) 20... Raf8 $14 21. a5 Qd4 22. Qb3 (22. Nxg5 $2 Qxe3 (22... Qxb2 $2 23. Nxe6+ Bxe6 24. Qxe6 $18) 23. Nxe6+ Qxe6 24. Bxe6 Bc6 $19) 22... Rf4 ({Black should try} 22... Qb4) 23. c3 $16 {[%cal Bc2c3,Bc3c4][%mdl 32] Really sharp!} Qg7 24. Bxe6 Bb5 (24... Bxe6 $142 25. Qxe6 Rh6) 25. c4 Bc6 {[#]} 26. Bd5 (26. Nc3 $1 $18 {Bd5 is the strong threat.} Kb8 27. Bd5 Bxd5 28. Nxd5) 26... Bxd5 27. cxd5 $40 {[%mdl 128] White attacks with force.} g4 28. Nxd6 Rb4 {A mistake that costs the game.} (28... Bxd6 $16 {might work better.} 29. Qb6+ Kc8 (29... Kd7 $2 30. Qxb7+ Bc7 31. Qc6+ Kc8 32. d6 $18) 30. Qxd6 Qd4 31. Qe6+ Kb8 32. Qe5+ Qxe5 33. Rxe5 gxh3) 29. Qc3 $18 Qxc3 30. bxc3 Rb3 $2 (30... Rf4) 31. Nf7 Bf6 32. Nxh8 Bxh8 {[%mdl 4096] Endgame. KRR-KRB} 33. Rad1 {Hoping for d6+.} Bxc3 34. Re3 (34. d6+ $142 Kc6 35. Re3 (35. d7 Bxa5 36. Re6+ Kb5 $18)) 34... Kd6 35. hxg4 {[%cal Bh3g4,Bg4g5,Bg5g6][%mdl 32] Threatens to win with g5.} c4 36. Re6+ Kd7 37. Re4 Bxa5 38. Rxc4 Bc3 39. d6 {White threatens Rc7+ and mate.} Be5 40. g5 {White mates.} Rb6 41. Rc7+ Kd8 42. g6 Rxd6 43. Rxd6+ (43. Rxb7 $2 Rxd1#) 43... Kxc7 44. Re6 {Weighted Error Value: White=0.19 (very precise) /Black=0.36.  Loses game:     	---       	Black=1      Mistake:       	White=2     	Black=3      Inaccurate:     	White=1     	Black=2      OK:         	White=10    	Black=12     Best:        	White=3     	Black=1} 1-0

[Event "45th FIDE Olympiad 2024"]
[Site "Budapest"]
[Date "2024.09.18"]
[Round "7.92"]
[White "Tracey, Shaun M"]
[Black "Abdou, Ahmed Alem"]
[Result "0-1"]
[WhiteElo "1684"]
[BlackElo "1897"]
[Annotator "COMBH"]
[PlyCount "100"]
[EventDate "2024.09.05"]
[EventType "team-tourn"]
[EventCountry "HUN"]
[WhiteTeam "Cayman Islands"]
[BlackTeam "Mauritania"]
[WhiteTeamCountry "CAY"]
[BlackTeamCountry "MAU"]
[TimeControl "40/5400+30:1800+30"]

1. e4 c6 2. d4 d5 3. f3 g6 4. Nc3 Bg7 5. Be3 Nf6 6. e5 Ng8 7. f4 Nh6 8. h3 Nf5 9. Bf2 h5 10. Qd2 b6 11. Nf3 Ba6 12. O-O-O h4 13. e6 fxe6 14. Ng5 Qd6 15. Re1 Bc8 16. Bd3 Bf6 17. Rhf1 Bxg5 18. fxg5 Ba6 19. Be3 Bxd3 20. Qxd3 O-O 21. Bf4 Qd7 22. Be5 c5 23. Ne2 Nc6 24. Nf4 c4 25. Qd1 Kh7 26. Rf3 Ng3 27. c3 Ne4 28. Qc2 Rf5 29. Ref1 Raf8 30. Qd1 Nxe5 31. dxe5 Nxg5 32. R3f2 Qc7 33. Qg4 Qxe5 34. Qxh4+ Kg7 35. Re2 Rxf4 36. Rxe5 Rxh4 37. Rxf8 Kxf8 38. Rxg5 Kf7 39. Kd2 Rf4 40. Ke2 Kf6 41. Rg3 Kf5 42. Ke3 e5 43. Ke2 a5 44. Ke1 d4 45. cxd4 exd4 46. Ke2 e5 47. Ke1 e4 48. Ra3 e3 49. Ra4 d3 50. g3 Rd4 {0-} 0-1